cohdb
Replays
Latest Replays
All Replays
Popular Replays
Top Player Replays
Match Explorer
How It Works
Community
CoH3 Stats
Reddit
Sign in to upload your games and track your stats! →
Sign in with Steam
Match 44691959
Unlisted
Match 44691959
Overview
Messages
Build Orders
End
Panzergrenadier Squad
Selects Italian Infantry
250 Light Carrier
Panzergrenadier Squad
Construct Light Support Kompanie
Selects Defensive Operations
Selects Defensive Operations
2.5-tonne Medical Truck
Panzerjäger Squad
Combat Half-tracks
Assault Mechanized Group
Panzerpioneer Squad
Fire Support Elements
Selects Guastatori Squad
Selects L6/40 Light Tank Combat Group
L6/40 Light Tank Combat Group
Guastatori Squad
Pak 38 Anti-tank Gun Team
Construct Panzerarmee Kommand
Selects Territory Booby Traps
Selects Obice 305mm Barrage
Armored Reserves
2.5-tonne Medical Truck
Obice 305mm Barrage
Tiger Heavy Tank
2.5-tonne Medical Truck
Panzerpioneer Squad
Panzerpioneer Squad
Advanced Field Repairs
Panzergrenadier Squad
BlitzKrieg
RYZEN
XeNoX
kirisunaky
Team saupiquet
Marwar
0
0
Comments
sign in to comment!
No comments posted yet!